Unix NetHack Version 5.0.0-0 post-release - last build May  4 2026 22:22:43 (774f63e81ad911689b3a0859ea89b322d5daca8d,branch:main).

Game began 2026-05-06 15:34:40, ended 2026-05-06 16:15:59.

31245981910, lawful female dwarven Cavewoman

                                            ##
                                            #-----
                                            #....|
                                            #|....#
                                            #|...|#
                      -------------        ##-----#
                      |............         #     #
                      |...........|         #     d
        --------    ##))..[.......|         #     #
        |...{..|    # |............##       #     d
        |......|##### ------------- ##      #     @
        |...<..-#                    # -----#     #  -----------
        --------                     ##|.`(-#     #  ......<....
                                      #|...|      #-...$.......|
                                      #..>.|        ...........|
                                       -----        ------------

31245981910 the Wanderer  St:18/03 Dx:15 Co:18 In:7 Wi:8 Ch:8  Lawful
Dlvl:6  $:81 HP:0(54) Pw:13(13) AC:10 Xp:6 T:3612  Fainted  Deaf

Latest messages:
 You turn into a werejackal!
 Use the command #monster to summon help.
 You see here a large box.
 You faint from lack of food.
 You regain consciousness.
 You see here 19 gold pieces.
 $ - 19 gold pieces (81 in total).
 You faint from lack of food.
 You regain consciousness.
 You faint from lack of food.
 You regain consciousness.
 You faint from lack of food.
 You regain consciousness.
 You can hear again.
 You faint from lack of food.
 You regain consciousness.
 You faint from lack of food.
 You regain consciousness.
 You can hear again.
 You faint from lack of food.
 You regain consciousness.
 You can hear again.
 You faint from lack of food.
 The giant rat bites!
 The giant rat bites!
 The giant rat bites!
 The giant rat bites!
 You regain consciousness.
 You bite the giant rat.
 You kill the giant rat!
 You faint from lack of food.
 The wolf bites!
 The wolf bites!
 The wolf bites!
 You return to dwarven form!
 The wolf bites!
 The wolf bites!
 The wolf bites!
 The wolf bites!
 The wolf bites!
 You regain consciousness.
 You can hear again.
 You faint from lack of food.
 The wolf bites!
 You die...
 Do you want your possessions identified? [ynq] (y) y
 Do you want to see your attributes? [ynq] (y) y
 Do you want an account of creatures vanquished? [ynaq] (y) y
 Do you want to see your conduct and achievements? [ynq] (y) y
 Do you want to see the dungeon overview? [ynq] (y) y

Inventory:
 Coins    ('$')
  $ - 81 gold pieces
 Weapons  (')')
  b - a +2 sling (alternate weapon; not wielded)
  o - 9 +0 darts
  f - a +0 orcish dagger
  n - a +0 orcish spear
 Scrolls  ('?')
  h - an uncursed scroll of confuse monster
 Potions  ('!')
  q - a blessed potion of extra healing
  p - an uncursed potion of extra healing
  g - an uncursed potion of invisibility
  i - an uncursed potion of monster detection

31245981910 the Cavewoman's attributes:

Background:
 You were a Wanderer, a level 6 dwarven Cavewoman.
 You were lawful, nominally on a mission for Anu
 who was opposed by Ishtar (neutral) and Anshar (chaotic).
 You were right-handed.
 You were in the Dungeons of Doom, on level 6.
 You entered the dungeon 3612 turns ago.
 You had 353 experience points, 287 more were needed to attain level 7.

Basics:
 You had 0 out of 54 hit points.
 You had all 13 energy points (spell power).
 Your armor class was 10.
 Your wallet contained 81 zorkmids.
 Autopickup was off.

Final Characteristics:
 Your strength was 18/03 (base:18/04, limit:18/100).
 Your dexterity was 15 (limit:20).
 Your constitution was 18 (limit:20).
 Your intelligence was 7 (limit:16).
 Your wisdom was 8 (limit:16).
 Your charisma was 8 (limit:16).

Final Status:
 You were deaf.
 You were fainted due to starvation.
 You were unencumbered.
 You were bare handed.
 You had basic skill with bare handed combat.
 You weren't wearing any armor.

Final Attributes:
 You were piously aligned.
 You were level-drain resistant.
 You had infravision.
 You were a werejackal.
 You were harmed by silver.
 You are dead.

Miscellaneous:
 You didn't encounter any bones levels.
 Total elapsed playing time was 33 minutes and 39 seconds.

Major events:
 Turn
    1: 31245981910 the lawful dwarven Cavewoman entered the dungeon
  913: attained the rank of Aborigine (level 3)
 3282: attained the rank of Wanderer (level 6)
 3612: killed by a wolf, while fainted from lack of food

You didn't know any spells.

Skills:
 Fighting Skills
   bare handed combat [Basic]
 Weapon Skills
   dagger             [Unskilled]
   knife              [Unskilled]
   axe                [Unskilled]
   pick-axe           [Unskilled]
   club               [Basic]
   mace               [Unskilled]
   morning star       [Unskilled]
   flail              [Unskilled]
   hammer             [Unskilled]
   quarterstaff       [Unskilled]
   polearms           [Unskilled]
   spear              [Unskilled]
   trident            [Unskilled]
   bow                [Unskilled]
   sling              [Basic]
   boomerang          [Unskilled]
   unicorn horn       [Unskilled]
 Spellcasting Skills
   attack spells      [Unskilled]
   matter spells      [Unskilled]

Voluntary challenges:
 Character rerolling was not enabled.
 You were an atheist.
 You were illiterate.
 You never genocided any monsters.
 You never polymorphed an object.
 You used no wishes.
Achievements:
 You attained the rank of Aborigine.
 You entered a shop.
 You attained the rank of Wanderer.

 The Dungeons of Doom: levels 1 to 6
    Level 1:
       An altar to Anu, a fountain.
    Level 2:
       Some fountains.
    Level 3:
       A general store, a fountain, a sink.
    Level 4:
       An armor shop.
    Level 5:
    Level 6: <- You were here.
       A fountain.
       Final resting place for
          you, killed by a wolf, while fainted from lack of food.


Vanquished creatures:
  3 human zombies
  a Woodland-elf
 an imp
  a rock mole
  2 kobold mummies
  3 elf zombies
  a ghoul
  2 little dogs
  a homunculus
  a kobold leader
  a rothe
  3 dwarf zombies
  a wererat
  2 werejackals
  2 iguanas
  a gas spore
  a hobbit
  3 giant rats
  5 cave spiders
  a brown mold
  a green mold
  a red mold
  3 geckos
  9 jackals
  a fox
  2 goblins
  6 lichens
  3 kobold zombies
  9 newts
71 creatures vanquished.

No species were genocided or became extinct.

Game over:
                       ----------
                      /          \
                     /    REST    \
                    /      IN      \
                   /     PEACE      \
                  /                  \
                  |   31245981910    |
                  |      81 Au       |
                  | killed by a wolf |
                  |                  |
                  |                  |
                  |                  |
                  |       2026       |
                 *|     *  *  *      | *
        _________)/\\_//(\/(/\)/\//\/|_)_______

Goodbye 31245981910 the Cavewoman...

You died in The Dungeons of Doom on dungeon level 6 with 1735 points,
and 81 pieces of gold, after 3612 moves.
You were level 6 with a maximum of 54 hit points when you died.

